 Dungeon Crawl Stone Soup version 0.24.0-10-g970556be89 (webtiles) character file.

Game seed: 10822808213535171471, levelgen mode: deterministic

17047 Iamsoldier the Fighter (level 12, -15/82 HPs)
             Began as a Gargoyle Berserker on Nov 5, 2019.
             Was a High Priest of Trog.
             Demolished by a polar bear (21 damage)
             ... in an ice cave.
             The game lasted 00:49:22 (11425 turns).

Iamsoldier the Fighter (Gargoyle Berserker)        Turns: 11425, Time: 00:49:22

Health: -15/82     AC: 24    Str: 25    XL:     12   Next: 43%
Magic:  12/12      EV:  9    Int:  9    God:    Trog [*****.]
Gold:   732        SH:  0    Dex:  9    Spells: 11/11 levels left

rFire    + . .     SeeInvis .   Q - +4 great mace (venom)
rCold    + . .     Gourm    .   (shield currently unavailable)
rNeg     + . .     Faith    .   f - +1 chain mail
rPois    ∞         Spirit   .   R - +0 helmet
rElec    +         Reflect  .   i - scarf {rC+ rF+}
rCorr    +         Harm     .   r - +0 pair of gloves
MR       .....                  (no boots)
Stlth    ..........             J - amulet of rage
HPRegen  0.23/turn              N - +3 ring of slaying
MPRegen  0.13/turn              t - ring of resist corrosion

@: berserk cooldown, slowed, very slow
A: negative energy resistance 1, electricity resistance, unbreathing,
petrification resistance, rot immunity, AC +8
a: Berserk, Trog's Hand, Brothers in Arms, Renounce Religion, Evoke Berserk Rage


You were in an ice cave.
You worshipped Trog.
Trog was extremely pleased with you.
You were not hungry.

You visited 1 branch of the dungeon, and saw 11 of its levels.
You also visited: Ice Cave.

You collected 732 gold pieces.

Inventory:

Hand Weapons
 a - a +0 mace
 w - a +0 dire flail
 y - a +2 mace of holy wrath
 Q - a +4 great mace of venom (weapon)
Missiles
 s - 17 boomerangs (quivered)
Armour
 b - a +0 animal skin
 f - a +1 chain mail (worn)
 i - a scarf of resistance (worn)
 p - a +0 buckler
 r - a +0 pair of gloves (worn)
 R - a +0 helmet (worn)
Jewellery
 t - a ring of resist corrosion (right hand)
 v - an uncursed ring of stealth
 F - an uncursed ring of poison resistance
 J - an amulet of rage (around neck)
 N - a +3 ring of slaying (left hand)
Wands
 z - a wand of iceblast (9)
 I - a wand of acid (5)
 K - a wand of digging (3)
 O - a wand of paralysis (12)
 P - a wand of random effects (17)
Scrolls
 d - 4 scrolls of identify
 h - 3 scrolls of enchant armour
 j - 2 scrolls of noise
 m - 4 scrolls of fear {unknown}
 q - a scroll of amnesia {unknown}
 u - 6 scrolls of teleportation {unknown}
 A - 2 scrolls of enchant weapon {unknown}
 C - 2 scrolls of remove curse
 E - a scroll of fog {unknown}
 G - 2 scrolls of magic mapping {unknown}
 H - 2 scrolls of torment {unknown}
 L - a scroll of immolation {unknown}
 M - a scroll of blinking {unknown}
Potions
 e - 2 potions of heal wounds
 g - 2 potions of brilliance {unknown}
 k - a potion of haste
 l - 6 potions of curing {unknown}
 n - a potion of flight {unknown}
 o - a potion of degeneration {unknown}
 x - a potion of agility {unknown}
 B - a potion of invisibility {unknown}
 D - 2 potions of mutation {unknown}
Comestibles
 c - 12 rations
 S - 21 chunks of flesh


   Skills:
 + Level 12.7 Fighting
 * Level 12.2 Maces & Flails
 + Level 9.7 Armour
 - Level 1.6 Dodging
 - Level 7.7 Shields


You had 11 spell levels left.
You didn't know any spells.
Your spell library was empty.

Dungeon Overview and Level Annotations

Branches:
Dungeon (11/15)            Temple (0/1) D:7             Orc (0/2) D:9
  IceCv (1/1)
   Lair: D:8-11

Altars:
Cheibriados
Dithmenos
Hepliaklqana
Kikubaaqudgha
Makhleb
Okawaru
Qazlal
Ru
Sif Muna
Trog
Wu Jian
The Shining One

Shops:
D:9 %:

Annotations:
D:7 exclusion: ice statue


Innate Abilities, Weirdness & Mutations

You are resistant to torment.
Your stone body is resilient. (AC +8)
You are immune to poison.
You resist negative energy. (rN+)
You are resistant to electric shocks. (rElec)
You can survive without breathing.
You are immune to petrification.
You are immune to rotting.


Message History

* * * LOW HITPOINT WARNING * * *
The polar bear closely misses you.
The polar bear claws you but does no damage.
The polar bear closely misses you. The polar bear barely misses you.
The polar bear claws you but does no damage.
Okay, then.
The polar bear barely misses you. x2; The polar bear closely misses you.
There are no items here.
Sorry, you can't auto-travel out of here.
A polar bear is nearby!
That item cannot be evoked!
Evoke which item? (* to show all) (? for menu, Esc to quit)
Aiming: Paralyse
Press: ? - help, Shift-Dir - straight line, f - polar bear
Aim: a polar bear (almost dead, berserk, fast, unusually strong, poisoned, chance to defeat MR: 46%)
Okay, then.
You hit the polar bear.
The polar bear is almost dead.
The polar bear bites you!!
You die...

}# ### $. #.## ###.
#####..# ##...
###....### #....
##...#....###
#...###..####.....#
#.†)##..#####.....
###†.###.#.#####..
#@h###...⌠.# ##.
###.#.#...## ##
##.###### ######
### ###....#
###...#...
###....#####
##...#### ####...##
##.....##


You could see a polar bear (berserk).

Vanquished Creatures
  A frost giant (IceCv)
  2 death yaks (IceCv)
  A two-headed ogre (D:9)
  An ice statue (IceCv)
  Maurice (D:10)
  2 rime drakes (D:11)
  A kobold demonologist (D:11)
  11 polar bears (IceCv)
  A hippogriff (D:8)
  26 yaks
  2 hungry ghosts
  A wyvern (D:11)
  Menkaure (D:7)
  A water moccasin (D:11)
  2 orc warriors
  A sky beast (D:9)
  A black bear (D:6)
  3 phantoms
  3 ogres
  A necrophage (D:5)
  16 wolves (IceCv)
  4 big kobolds (D:11)
  3 bullfrogs
  6 scorpions
  6 wights
  2 electric eels (D:10)
  2 howler monkeys
  5 crimson imps
  2 centaur zombies
  A jelly (D:8)
  7 orc priests
  2 bullfrog skeletons
  A hound (D:6)
  A centaur skeleton (D:9)
  Jessica (D:2)
  4 iguanas
  Natasha (thrice) (D:2)
  12 orc wizards
  7 worker ants
  A hound skeleton (D:4)
  2 worker ant zombies
  8 adders
  6 gnolls (D:9)
  3 shadow imps
  2 oozes
  An adder skeleton (D:7)
  4 worms
  9 dart slugs
  6 leopard geckos
  67 orcs
  12 bats
  5 giant cockroaches
  7 hobgoblins
  12 jackals
  7 kobolds
  3 quokkas
  3 ball pythons
  8 frilled lizards
  14 goblins
  9 rats
337 creatures vanquished.

Vanquished Creatures (collateral kills)
  An orc warrior (D:9)
  A centaur (D:6)
  An orc wizard (D:6)
  A gnoll (D:9)
  5 orcs
9 creatures vanquished.

Vanquished Creatures (others)
  An orc wizard (D:4)
  An orc (D:10)
2 creatures vanquished.

Grand Total: 348 creatures vanquished

Notes
Turn   | Place    | Note
-------+----------+-------------------------------------------
     0 | D:1      | Iamsoldier the Gargoyle Berserker began the quest for the
                  | Orb.
     0 | D:1      | Reached XP level 1. HP: 14/14 MP: 1/1
   198 | D:1      | Reached XP level 2. HP: 19/19 MP: 2/2
   716 | D:1      | Reached XP level 3. HP: 24/24 MP: 3/3
   948 | D:1      | Reached ** piety under Trog
  1097 | D:2      | Reached XP level 4. HP: 28/30 MP: 4/4
  1192 | D:2      | Noticed Jessica
  1195 | D:2      | Killed Jessica
  1256 | D:2      | Noticed Natasha
  1268 | D:2      | Killed Natasha
  1268 | D:2      | Reached XP level 5. HP: 24/34 MP: 5/5
  1357 | D:2      | Noticed Natasha
  1459 | D:2      | Killed Natasha
  1459 | D:2      | Reached skill level 1 in Shields
  1599 | D:2      | Noticed Natasha
  1604 | D:2      | Killed Natasha
  1604 | D:2      | Reached skill level 5 in Fighting
  2079 | D:3      | Reached XP level 6. HP: 40/40 MP: 6/6
  2337 | D:3      | Found a stormy altar of Qazlal.
  2512 | D:3      | Reached *** piety under Trog
  2928 | D:4      | Noticed a phantom
  2977 | D:4      | Killed a phantom
  2977 | D:4      | Reached XP level 7. HP: 40/46 MP: 7/7
  3038 | D:4      | Reached skill level 5 in Maces & Flails
  3216 | D:4      | Found a shadowy altar of Dithmenos.
  3786 | D:4      | Found a hazy altar of Hepliaklqana.
  4121 | D:5      | Entered Level 5 of the Dungeon
  4250 | D:5      | Reached XP level 8. HP: 52/52 MP: 8/8
  4436 | D:5      | Reached **** piety under Trog
  4848 | D:6      | Found a sacrificial altar of Ru.
  4870 | D:6      | Found an iron altar of Okawaru.
  4935 | D:6      | Found a snail-covered altar of Cheibriados.
  4944 | D:6      | Found an ancient bone altar of Kikubaaqudgha.
  4945 | D:6      | Found a bloodstained altar of Trog.
  4984 | D:6      | Reached skill level 5 in Armour
  5624 | D:6      | Found an ornate altar of the Wu Jian Council.
  6089 | D:7      | Noticed Menkaure
  6099 | D:7      | Killed Menkaure
  6450 | D:7      | Found a glowing golden altar of the Shining One.
  6599 | D:7      | Reached XP level 9. HP: 46/59 MP: 9/9
  6809 | D:7      | Found a shimmering blue altar of Sif Muna.
  6891 | D:7      | Noticed an ice statue
  6978 | D:7      | Found a staircase to the Ecumenical Temple.
  7335 | D:8      | Found a burning altar of Makhleb.
  7438 | D:8      | Reached skill level 5 in Shields
  7587 | D:8      | Reached ***** piety under Trog
  8057 | D:9      | Noticed a two-headed ogre
  8067 | D:9      | Killed a two-headed ogre
  8067 | D:9      | Reached XP level 10. HP: 68/68 MP: 10/10
  8085 | D:9      | Reached skill level 10 in Fighting
  8088 | D:9      | Received a gift from Trog
  8351 | D:9      | Found Parphef's Food Shop.
  8410 | D:9      | Found Fanonnia's Book Emporium.
  8635 | D:9      | Found a staircase to the Orcish Mines.
  8873 | D:10     | Entered Level 10 of the Dungeon
  9094 | D:10     | Noticed Maurice
  9176 | D:10     | Killed Maurice
  9603 | D:11     | Reached XP level 11. HP: 65/74 MP: 11/11
  9634 | D:11     | Found a gate leading to a gauntlet.
  9747 | D:11     | Reached skill level 10 in Maces & Flails
  9820 | D:11     | Found a frozen archway.
  9840 | IceCv    | Entered an ice cave
 10533 | IceCv    | Received a gift from Trog
 11303 | IceCv    | Noticed a death yak
 11303 | IceCv    | Noticed a death yak
 11326 | IceCv    | Reached XP level 12. HP: 81/81 MP: 12/12
 11331 | IceCv    | Killed a death yak
 11336 | IceCv    | Killed a death yak
 11398 | IceCv    | Noticed a frost giant
 11402 | IceCv    | Killed a frost giant
 11425 | IceCv    | Demolished by a polar bear

Levels and vault maps discovered:
D:1:      lightli_arrival_noodles, layout_basic
D:2:      layout_loops_ring, hangedman_feature_mirror, minivault_5,
          minmay_fractal_squares_5, uniq_jessica, uniq_natasha
D:3:      kennysheep_slugbush, layout_loops_cross,
          nicolae_qazlal_general_emergency, first_ration
D:4:      layout_loops_ring, nicolae_overflow_hidden_temple,
          kennysheep_little_box
D:5:      layout_cave_pools
D:6:      layout_basic, kennysheep_mini, grunt_temple_overflow_open,
          nicolae_ru_path_of_blood, old_standard_altar, okawaru_metal_pillars_3
D:7:      lemuel_ice_statue, layout_loops_ring, lemuel_coloured_pillars_altar,
          lemuel_doored_altar, minmay_temple_entry_junction, uniq_menkaure
D:8:      layout_basic, nicolae_overflow_crystal_walls
D:9:      layout_rooms, hiddenorc1_lemuel, serial_glass, glass_columns_a,
          glass_columns_a, glass_columns_a, glass_columns_b, glass_columns_a,
          glass_columns_a, serial_shops, nicolae_shop_crystal, shop
D:10:     layout_basic, uniq_maurice
D:11:     layout_roguey, dpeg_lair_monsters, gauntlet_entry_generic,
          portal_ice_cave_rime
IceCv:    ice_cave_caverns_01

Skill      XL: |  1  2  3  4  5  6  7  8  9 10 11 12 |
---------------+-------------------------------------+-----
Fighting       | 4 5 6 8 9 11 12 | 12.7
Armour         | 3 4 5 6 7 9 |  9.7
Shields        | 1 2 3 4 5 7 |  7.7
Maces & Flails | 4 5 6 8 9 11 12 | 12.2
Dodging        | |  1.6

Action                   |  1- 3 |  4- 6 |  7- 9 | 10-12 || total
-------------------------+-------+-------+-------+-------++-------
Melee: Mace              |   112 |   305 |   488 |   400 ||  1305
       Great mace        |       |       |       |   111 ||   111
Throw: Boomerang         |       |    10 |       |       ||    10
Invok: Berserk           |     3 |     8 |     9 |    12 ||    32
       Trog's Hand       |     1 |     4 |     2 |     2 ||     9
       Brothers in Arms  |       |       |     1 |     1 ||     2
  Use: Scroll            |       |     3 |     1 |     4 ||     8
       Potion            |       |       |       |     2 ||     2
  Eat: Chunk             |     2 |    13 |    20 |    24 ||    59
       Ration            |       |     1 |     3 |     2 ||     6
Armor: Chain mail        |   128 |   217 |   284 |   527 ||  1156
       Animal skin       |     2 |       |       |       ||     2
Dodge: Dodged            |    88 |   129 |   162 |   293 ||   672
Block: Buckler           |       |    50 |   107 |   133 ||   290
